 Dungeon Crawl Stone Soup version 0.26.1-2-gb8aa6d0cf2 (webtiles) character file.

Game seed: 5954104077347836107

786 Martska the Skirmisher (level 7, 0/75 HPs)
             Began as an Ogre Hunter on Mar 13, 2021.
             Slain by an iguana (1 damage)
             ... on level 5 of the Dungeon.
             The game lasted 00:05:54 (5762 turns).

Martska the Skirmisher (Ogre Hunter)                Turns: 5762, Time: 00:05:55

Health: 0/75       AC:  4    Str: 19    XL:     7   Next: 86%
Magic:  7/7        EV: 11    Int: 12    God:
Gold:   276        SH:  0    Dex:  9    Spells: 6/6 levels left

rFire    . . .     SeeInvis .   E - +2 whip (flame)
rCold    . . .     Faith    .   (no shield)
rNeg     . . .     Spirit   .   b - +0 robe
rPois    .         Reflect  .   (helmet restricted)
rElec    .         Harm     .   D - +0 cloak
rCorr    .         Rampage  .   (gloves unavailable)
Will     .....                  (boots unavailable)
Stlth    +.........             (no amulet)
HPRegen  0.22/turn              (no ring)
MPRegen  0.10/turn              (no ring)

@: no status effects
A: large, unfitting armour, tough skin 1
a: no special abilities


You were on level 5 of the Dungeon.
You visited 2 branches of the dungeon, and saw 6 of its levels.

You collected 276 gold pieces.

Inventory:

Hand Weapons
 a - a +0 short sword
 g - a +0 whip
 y - a +0 vorpal spear
 B - a +0 giant spiked club
 E - a +2 whip of flaming (weapon)
Missiles
 c - 4 large rocks (quivered)
 d - 2 throwing nets
Armour
 b - a +0 robe (worn)
 k - a scarf of harm
 D - a +0 cloak (worn)
Wands
 u - a wand of polymorph (3)
 z - a wand of random effects (18)
 A - a wand of digging (6)
Scrolls
 e - 5 scrolls of identify {unknown}
 f - 2 scrolls of enchant armour {unknown}
 h - 3 scrolls of amnesia {unknown}
 i - a scroll of noise {unknown}
 j - 3 scrolls of random uselessness {unknown}
 r - 3 scrolls of teleportation {unknown}
 s - a scroll of remove curse {unknown}
 t - a scroll of immolation {unknown}
 w - a scroll of magic mapping {unknown}
Potions
 l - 2 potions of brilliance
 m - a potion of attraction {unknown}
 n - 2 potions of lignification {unknown}
 o - 2 potions of resistance {unknown}
 p - a potion of invisibility {unknown}
 q - 3 potions of curing
 v - a potion of ambrosia {unknown}
 x - a potion of haste {unknown}
 C - a potion of flight {unknown}


   Skills:
 * Level 6.1 Fighting
 * Level 3.4 Maces & Flails
 * Level 5.8 Throwing
 * Level 4.2 Dodging
 - Level 0.6 Stealth


You had 6 spell levels left.
You didn't know any spells.
Your spell library was empty.

Dungeon Overview and Level Annotations

Branches:
Dungeon (5/15)             Temple (1/1) D:4

Altars:
Ashenzari
Cheibriados
Dithmenos
Fedhas
Hepliaklqana
Nemelex Xobeh
Okawaru
Qazlal
Ru
Sif Muna
Trog
Uskayaw
Vehumet
Wu Jian
Xom
Yredelemnul
Zin
The Shining One

Shops:
D:5 [


Innate Abilities, Weirdness & Mutations

You are too large for most types of armour.
You have tough skin. (AC +1)


Message History

The iguana is severely wounded.
The iguana bites you.
You hit the iguana but do no damage.
The iguana is severely wounded.
The iguana bites you.
You closely miss the iguana.
The iguana is severely wounded.
The iguana bites you!
You hit the iguana. You burn the iguana.
The iguana is almost dead.
The iguana bites you!
* * * LOW HITPOINT WARNING * * *
You hit the iguana but do no damage.
The iguana is almost dead.
The iguana bites you!
* * * LOW HITPOINT WARNING * * *
You hit the iguana but do no damage.
The iguana is almost dead.
The iguana bites you.
You die...

######### ####.......#
..##.......# +###
#.##.......# .....
#.##.......#
......#.##.......#######
.....cl@.'...^..........
.....Z#.##.......##..(.#
..... #.##.∩.....##....#
.>?. #.##.......##....#
... #.##.......##.....
.. #.###########..... .
#.. +..... ### #.....
#.###.


You could see a centaur, an iguana and a giant cockroach zombie.

Vanquished Creatures
  Pikel (D:4)
  An ogre (D:4)
  Crazy Yiuf (D:4)
  2 bullfrog skeletons (D:4)
  An orc wizard (D:4)
  A worker ant (D:5)
  4 adders
  A shadow imp (D:5)
  An ufetubus (D:5)
  2 worms
  2 dart slugs (D:2)
  3 orcs
  A ball python (D:4)
  6 bats
  4 giant cockroaches
  3 goblins
  6 hobgoblins
  8 jackals
  2 kobolds
  4 frilled lizards
  9 rats
63 creatures vanquished.

Notes
Turn   | Place    | Note
-------+----------+-------------------------------------------
     0 | D:1      | Martska the Ogre Hunter began the quest for the Orb.
     0 | D:1      | Reached XP level 1. HP: 22/22 MP: 1/1
   216 | D:1      | Reached skill level 3 in Fighting
   217 | D:1      | Reached XP level 2. HP: 30/31 MP: 2/2
   547 | D:1      | You fall into a shaft and drop 1 floor!
   679 | D:2      | Reached XP level 3. HP: 25/37 MP: 3/3
   686 | D:2      | Found an iron altar of Okawaru.
  2216 | D:3      | Reached skill level 1 in Maces & Flails
  2216 | D:3      | Reached XP level 4. HP: 48/48 MP: 4/4
  2531 | D:3      | Found a sacrificial altar of Ru.
  2534 | D:3      | Found a hazy altar of Hepliaklqana.
  2539 | D:3      | Found a bloodstained altar of Trog.
  3019 | D:4      | Reached skill level 4 in Fighting
  3110 | D:4      | Reached XP level 5. HP: 50/54 MP: 5/5
  3307 | D:4      | Found a staircase to the Ecumenical Temple.
  3362 | Temple   | Entered the Ecumenical Temple
  4140 | D:4      | Noticed a lemure
  4141 | D:4      | Noticed Pikel
  4142 | D:4      | Noticed a lemure
  4142 | D:4      | Noticed a lemure
  4143 | D:4      | Noticed a lemure
  4149 | D:4      | Killed Pikel
  4150 | D:4      | Reached skill level 5 in Fighting
  4150 | D:4      | Reached skill level 5 in Throwing
  4150 | D:4      | Reached XP level 6. HP: 56/67 MP: 6/6
  4150 | D:4      | Reached XP level 7. HP: 62/74 MP: 7/7
  4232 | D:4      | HP: 2/74 [ogre/+0 giant spiked club (20)]
  4612 | D:4      | Found a shimmering blue altar of Sif Muna.
  4711 | D:4      | Reached skill level 6 in Fighting
  4903 | D:4      | Found a runed translucent door.
  4904 | D:4      | Noticed Crazy Yiuf
  4974 | D:4      | Killed Crazy Yiuf
  5340 | D:5      | Entered Level 5 of the Dungeon
  5374 | D:5      | Found a hide-covered altar of Uskayaw.
  5720 | D:5      | Found Rykheff's Antique Armour Shop.
  5761 | D:5      | HP: 1/75 [iguana (12)]
  5762 | D:5      | Slain by an iguana

Illustrated notes

Levels and vault maps discovered:
D:1:      lightli_iron_boxes, layout_basic
D:2:      layout_basic, okawaru_trees_1, patterned_corridor
D:3:      layout_rooms, grunt_temple_overflow_diamond
D:4:      layout_cave_pools, tgw_sif, temple_fountains, st_stairs_5,
          minmay_misc_feat_rows, roderic_roman_lattice, uniq_crazy_yiuf_cottage,
          uniq_pikel
D:5:      minmay_chambers_of_fours, layout_basic, overflow_temple_1_default,
          serial_shops, shop
Temple:   minmay_temple_forest_path

Skill      XL: |  1  2  3  4  5  6  7 |
---------------+----------------------+-----
Fighting       | 3 4 5 6 |  6.1
Dodging        | 2 4 |  4.2
Maces & Flails | 1 3 |  3.4
Throwing       | 5 |  5.8
Stealth        | |  0.6

Action                   |  1- 3 |  4- 6 |  7- 9 || total
-------------------------+-------+-------+-------++-------
Melee: Short sword       |    39 |       |       ||    39
       Whip              |    82 |    45 |    44 ||   171
       Spear             |       |    70 |    37 ||   107
Throw: Large rock        |     4 |     5 |     8 ||    17
  Use: Potion            |       |       |     2 ||     2
 Stab: Sleeping          |     1 |       |       ||     1
Armor: Robe              |    65 |    63 |    13 ||   141
Dodge: Dodged            |    94 |   112 |    53 ||   259
